AoeStats
← zanzan114514

Arena

510679948Analyzed
4v4 RM · 11h ago on Oct 2, 2026· 25m 1s· 8 players
Game mode
Random Map
Map size
Large (8 player)
Population
200
Speed
Normal
Resources
Standard
Victory
Conquest
Starting age
Dark Age
Ending age
Imperial Age
RankedLock teamsTeams togetherTeam positionsShared explorationLock speedFull tech treeHidden civsTurbo modeCheats
Victory
Defeat
🇨🇳 Persians · China
1192
+15
🇨🇳 Ethiopians · China
1150
+17
🇲🇽 Franks · Mexico
1133
+18
🇨🇴 Celts · Colombia
1094
+20
🇧🇷 Khmer · Brazil
1202
-18
🇳🇮 Romans · Nicaragua
1182
-18
🇮🇳 Goths · India
1182
-18
🇳🇮 Bohemians · Nicaragua
1137
-16
connrro
11:00 Feudal Age
12:05 Loom
15:25 Castle Age
15:33 Double-Bit Axe
17:31 Scale Barding Armor
24:53 Gold Mining
zanzan114514
10:08 Feudal Age
13:43 Castle Age
12:23 Double-Bit Axe
12:25 Horse Collar
15:13 Wheelbarrow
19:49 Bow Saw
24:15 Heavy Plow
24:08 Gold Mining
24:08 Stone Mining
25:16 Hand Cart
jm愛mardy
11:07 Feudal Age
14:46 Castle Age
默默发育
9:41 Feudal Age
13:27 Castle Age
11:33 Double-Bit Axe
12:33 Horse Collar
22:02 Wheelbarrow
22:45 Bow Saw
23:43 Heavy Plow
Naxzh Foster
7:36 Loom
9:45 Feudal Age
9:57 Man-at-Arms
12:04 Scale Mail Armor
12:32 Horse Collar
15:13 Forging
17:11 Loom
20:04 Castle Age
18:05 Double-Bit Axe
20:09 Scale Mail Armor
20:19 Long Swordsman
21:00 Squires
22:14 Iron Casting
22:04 Bow Saw
LIGHTYRIX
10:43 Feudal Age
14:54 Castle Age
12:43 Double-Bit Axe
14:47 Forging
16:39 Bow Saw
22:06 Horse Collar
22:17 Gold Mining
El tío Furcio!
5:22 Loom
12:03 Feudal Age
16:47 Castle Age
14:57 Double-Bit Axe
16:29 Horse Collar
22:24 Bow Saw
joaopessoense
11:33 Feudal Age
14:56 Castle Age
12:44 Double-Bit Axe
12:52 Horse Collar
15:47 Bow Saw
20:12 Heavy Plow
21:40 Wheelbarrow
21:10 Gold Mining
24:08 Hand Cart
Connection lost

Rejoining the realm…

Still unreachable

The connection could not be restored.

Session expired

The server has moved on; the page needs a fresh start.